Map: Ruins of Endion

Players

scv - Winner!

  • Race: Terran Terran
  • League: Grandmaster

Pokebunny

  • Race: Terran Terran
  • League: Grandmaster

VOD

Have the link to the VOD?

Description

Time

  • Played on: April 7, 2016, 10:38 p.m.
  • Length: 2:42
Show
View Real Time Build Order
Export as new Build Order

scv Terran - Winner!

Build Orders: 1/1/1 

Get SALT Encoding   

  12  0:00  SCV  
  13  0:13  SCV  
  14  0:20  Supply Depot  
  14  0:25  SCV  
  15  0:28  Refinery  
  15  0:41  SCV  
  16  0:45  Barracks  
  16  0:54  SCV  
  17  1:06  SCV  
  17  1:08  Refinery  
  18  1:18  SCV  
  19  1:31  Marine  
  20  1:33  Factory  
  20  1:45  Supply Depot  
  20  1:53  Bunker  
  21  2:01  Marine  
  21  2:18  Hellion  
  22  2:24  Marine  
  22  2:29  Starport  
  23  2:30  SCV  
Show
View Real Time Build Order
Export as new Build Order

Pokebunny Terran 

Build Orders:  

Get SALT Encoding   

  12  0:01  SCV  
  13  0:13  SCV  
  14  0:18  Supply Depot  
  14  0:25  SCV  
  15  0:40  SCV  
  16  0:43  Barracks  
  16  0:58  Barracks, SCV  
  17  1:10  Barracks  
  17  1:13  SCV  
  18  1:30  Orbital Command, Marine  
  19  1:42  Supply Depot  
  19  1:45  Marine  
  20  1:55  Marine  
  21  2:02  Marine  
  22  2:13  Marine  
  23  2:22  Marine  
Tags
 
Add a new tag
Caveats
  • Supply blocks, unpowered buildings, or Contaminate may cause inaccurate times.
  • Supply counts are checked every 10 seconds.